General information
- name: BNet
- type: Ladder team game (AT/RT)
- host: Battle.net
- saver: Hekate
map: Cherryville
- players: 8
- length: 21:26
- speed: Fast
- version: 1.26 W3XP
- replay type: Public
» download(140 KB)
Players
team 1 (winner)
Hekate (
yellow | 112 APM | 2397 actions | 21:26)
7 Mountain King
3 Storm Bolt
3 Bash
1 Avatar
» actions
| Assign group hotkey | 34 | |
| Basic commands | 173 | |
| Build / train | 120 | |
| ESC pressed | 5 | |
| Enter build submenu | 36 | |
| Enter hero's abilities submenu | 7 | |
| Give item / drop item | 3 | |
| Right click | 1003 | |
| Select / deselect | 299 | |
| Select group hotkey | 618 | |
| Use ability | 99 | |
2397 total
» units
| Peasant | 20 | |
| Footman | 16 | |
| Goblin Shredder | 3 | |
| Goblin Zeppelin | 2 | |
| Mortar Team | 6 | |
| Knight | 5 | |
52 total
» upgrades
| Masonry | 3 | |
| Defend | 1 | |
| Lumber Harvesting | 2 | |
| Gunpowder | 4 | |
| Armor | 1 | |
| Fragmentation Shards | 1 | |
| Plating | 2 | |
| Animal War Training | 1 | |
| Flare | 1 | |
| Swords | 2 | |
| Backpack | 1 | |
19 total
» buildings
| Altar of Kings | 1 | |
| Barracks | 2 | |
| Farm | 10 | |
| Town Hall | 1 | |
| Arcane Vault | 1 | |
| Scout Tower | 10 | |
| Arcane Tower | 4 | |
| Lumber Mill | 1 | |
| Keep | 2 | |
| Blacksmith | 1 | |
| Guard Tower | 8 | |
| Castle | 2 | |
| Workshop | 4 | |
47 total
» build order
00:08 Altar of Kings
00:11 Barracks
00:13 Farm
00:46 Farm
01:42 Farm
03:26 Town Hall
03:36 Arcane Vault
04:33 Scout Tower
04:59 Arcane Tower
05:00 Arcane Tower
05:03 Lumber Mill
05:48 Keep
05:48 Keep
06:31 Scout Tower
06:32 Scout Tower
06:33 Scout Tower
06:35 Scout Tower
07:36 Blacksmith
08:02 Guard Tower
08:02 Guard Tower
08:10 Castle
09:29 Farm
09:37 Workshop
09:59 Workshop
10:02 Workshop
10:05 Workshop
11:21 Barracks
11:31 Scout Tower
11:32 Scout Tower
11:33 Scout Tower
11:53 Farm
12:11 Guard Tower
12:11 Guard Tower
12:11 Guard Tower
15:31 Scout Tower
15:32 Scout Tower
15:59 Farm
16:00 Farm
16:01 Farm
21:17 Farm
21:20 Farm
» items
| Scroll of Regeneration | 6 | |
| Boots of Speed | 1 | |
| Scroll of Town Portal | 2 | |
| Potion of Healing | 1 | |
10 total

»
SoulsCollector (
purple | 43 APM | 922 actions | 21:23)
7 Death Knight
3 Death Coil
2 Unholy Aura
1 Death Pact
1 Animate Dead
6 Dark Ranger
1 Black Arrow
3 Life Drain
1 Silence
1 Charm
» actions
| Assign group hotkey | 22 | |
| Build / train | 55 | |
| Enter build submenu | 15 | |
| Enter hero's abilities submenu | 13 | |
| Give item / drop item | 3 | |
| Right click | 447 | |
| Select / deselect | 105 | |
| Select group hotkey | 226 | |
| Use ability | 36 | |
922 total
» units
| Acolyte | 2 | |
| Ghoul | 3 | |
| Crypt Fiend | 8 | |
| Gargoyle | 3 | |
| Frost Wyrm | 8 | |
24 total
» upgrades
| Creature Attack | 3 | |
| Web | 1 | |
| Creature Carapace | 2 | |
| Freezing Breath | 1 | |
7 total
» buildings
| Ziggurat | 8 | |
| Altar of Darkness | 1 | |
| Crypt | 1 | |
| Graveyard | 1 | |
| Tomb of Relics | 1 | |
| Halls of the Dead | 1 | |
| Sacrificial Pit | 1 | |
| Black Citadel | 1 | |
| Boneyard | 1 | |
16 total
» build order
00:13 Ziggurat
00:16 Altar of Darkness
00:36 Crypt
01:02 Graveyard
01:24 Tomb of Relics
01:35 Ziggurat
03:13 Ziggurat
04:10 Halls of the Dead
04:39 Ziggurat
05:58 Ziggurat
06:46 Sacrificial Pit
07:22 Black Citadel
09:24 Ziggurat
10:02 Boneyard
12:39 Ziggurat
18:17 Ziggurat
» items
| Rod of Necromancy | 1 | |
| Potion of Healing | 5 | |
| Orb of Corruption | 1 | |
7 total
Ankn[pro] (
orange | 47 APM | 1002 actions | 21:23)
7 Demon Hunter
3 Immolation
3 Evasion
1 Metamorphosis
» actions
| Assign group hotkey | 24 | |
| Basic commands | 3 | |
| Build / train | 88 | |
| Enter build submenu | 38 | |
| Enter hero's abilities submenu | 7 | |
| Give item / drop item | 1 | |
| Remove unit from queue | 1 | |
| Right click | 304 | |
| Select / deselect | 185 | |
| Select group hotkey | 272 | |
| Use ability | 79 | |
1002 total
» units
| Wisp | 45 | |
| Huntress | 4 | |
| Dryad | 5 | |
| Druid of the Claw | 6 | |
| Hippogryph | 3 | |
63 total
» upgrades
| Strength of the Wild | 3 | |
| Reinforced Hides | 3 | |
| Druid of the Claw Training | 2 | |
| Mark of the Claw | 1 | |
| Well Spring | 1 | |
| Ultravision | 1 | |
11 total
» buildings
| Moon Well | 7 | |
| Altar of Elders | 1 | |
| Hunter's Hall | 2 | |
| Ancient of War | 1 | |
| Ancient Protector | 17 | |
| Tree of Ages | 1 | |
| Tree of Life | 3 | |
| Tree of Eternity | 1 | |
| Ancient of Lore | 2 | |
| Ancient of Wonders | 1 | |
| Ancient of Wind | 1 | |
37 total
» build order
00:20 Moon Well
00:34 Altar of Elders
01:00 Moon Well
01:52 Hunter's Hall
01:56 Hunter's Hall
02:06 Ancient of War
02:16 Moon Well
02:32 Moon Well
05:08 Ancient Protector
05:15 Tree of Ages
05:44 Tree of Life
06:23 Moon Well
07:48 Tree of Eternity
07:52 Ancient of Lore
08:03 Ancient of Lore
08:18 Ancient of Wonders
08:35 Moon Well
09:40 Tree of Life
10:43 Ancient Protector
10:45 Ancient Protector
10:46 Ancient Protector
10:47 Ancient Protector
10:50 Ancient Protector
13:18 Moon Well
16:03 Ancient Protector
16:08 Ancient of Wind
17:06 Ancient Protector
17:07 Ancient Protector
17:08 Ancient Protector
17:10 Ancient Protector
17:12 Ancient Protector
17:39 Ancient Protector
20:29 Tree of Life
21:20 Ancient Protector
21:21 Ancient Protector
21:22 Ancient Protector
21:23 Ancient Protector
» items
| Scroll of Town Portal | 2 | |
| Potion of Healing | 1 | |
3 total
ghostymario (
teal | 31 APM | 671 actions | 21:23)
4 Tauren Chieftain
1 War Stomp
2 Endurance Aura
1 Shockwave
» actions
| Assign group hotkey | 21 | |
| Basic commands | 11 | |
| Build / train | 65 | |
| Enter build submenu | 13 | |
| Enter hero's abilities submenu | 4 | |
| Remove unit from queue | 3 | |
| Right click | 188 | |
| Select / deselect | 221 | |
| Select group hotkey | 103 | |
| Use ability | 42 | |
671 total
» units
| Peon | 11 | |
| Troll Headhunter/Berserker | 18 | |
| Shaman | 5 | |
| Troll Witch Doctor | 6 | |
40 total
» upgrades
| Armor | 3 | |
| Troll Regeneration | 1 | |
| Witch Doctor Training | 2 | |
| Shaman Training | 2 | |
| Ranged Weapons | 3 | |
| Berserker Upgrade | 1 | |
12 total
» buildings
| Altar of Storms | 1 | |
| Orc Burrow | 5 | |
| War Mill | 1 | |
| Stronghold | 1 | |
| Barracks | 1 | |
| Voodoo Lounge | 1 | |
| Watch Tower | 1 | |
| Spirit Lodge | 2 | |
| Fortress | 1 | |
14 total
» build order
00:10 Altar of Storms
00:14 Orc Burrow
00:44 War Mill
02:01 Orc Burrow
02:25 Stronghold
02:40 Barracks
03:14 Voodoo Lounge
04:02 Orc Burrow
04:26 Watch Tower
06:04 Spirit Lodge
06:21 Spirit Lodge
07:09 Fortress
08:21 Orc Burrow
08:24 Orc Burrow
» items
| Potion of Healing | 1 | |
| Potion of Mana | 1 | |
| Scroll of Speed | 1 | |
3 total
team 2 (loser)
ElMattador (
blue | 39 APM | 687 actions | 17:44)
3 Keeper of the Grove
2 Entangling Roots
1 Thorns Aura
2 Priestess of the Moon
1 Trueshot Aura
1 Scout
» actions
| Basic commands | 79 | |
| Build / train | 59 | |
| Enter build submenu | 18 | |
| Enter hero's abilities submenu | 5 | |
| Give item / drop item | 1 | |
| Remove unit from queue | 4 | |
| Right click | 234 | |
| Select / deselect | 246 | |
| Use ability | 41 | |
687 total
» units
| Wisp | 21 | |
| Archer | 4 | |
| Huntress | 4 | |
| Dryad | 6 | |
| Mountain Giant | 1 | |
| Druid of the Claw | 2 | |
38 total
» upgrades
| Abolish Magic | 1 | |
| Druid of the Claw Training | 2 | |
| Strength of the Wild | 2 | |
| Reinforced Hides | 1 | |
| Hardened Skin | 1 | |
| Upgrade Moon Glaive | 1 | |
| Mark of the Claw | 1 | |
9 total
» buildings
| Moon Well | 6 | |
| Altar of Elders | 1 | |
| Ancient of War | 1 | |
| Tree of Ages | 1 | |
| Hunter's Hall | 1 | |
| Ancient of Lore | 2 | |
| Tree of Eternity | 1 | |
| Tree of Life | 2 | |
| Ancient of Wonders | 1 | |
| Ancient Protector | 2 | |
18 total
» build order
00:12 Moon Well
00:16 Altar of Elders
00:55 Ancient of War
01:45 Moon Well
02:40 Tree of Ages
03:10 Hunter's Hall
04:05 Moon Well
05:12 Ancient of Lore
05:31 Tree of Eternity
05:38 Ancient of Lore
08:29 Tree of Life
08:50 Moon Well
09:48 Ancient of Wonders
11:31 Tree of Life
12:08 Moon Well
12:31 Moon Well
13:13 Ancient Protector
17:07 Ancient Protector
led4urhead (
red | 38 APM | 778 actions | 20:34)
3 Archmage
2 Summon Water Elemental
1 Blizzard
3 Paladin
1 Holy Light
1 Divine Shield
1 Devotion Aura
» actions
| Basic commands | 2 | |
| Build / train | 48 | |
| Enter build submenu | 17 | |
| Enter hero's abilities submenu | 6 | |
| Give item / drop item | 2 | |
| Right click | 471 | |
| Select / deselect | 182 | |
| Use ability | 50 | |
778 total
» units
| Peasant | 9 | |
| Dragonhawk Rider | 2 | |
| Gryphon Rider | 15 | |
26 total
» upgrades
| Lumber Harvesting | 2 | |
| Swords | 2 | |
| Armor | 2 | |
| Storm Hammers | 1 | |
| Cloud | 1 | |
8 total
» buildings
| Lumber Mill | 1 | |
| Altar of Kings | 1 | |
| Farm | 10 | |
| Keep | 1 | |
| Blacksmith | 1 | |
| Arcane Vault | 1 | |
| Castle | 1 | |
| Gryphon Aviary | 2 | |
| Scout Tower | 1 | |
| Guard Tower | 1 | |
20 total
» build order
00:38 Lumber Mill
00:43 Altar of Kings
00:47 Farm
01:34 Farm
02:14 Farm
02:39 Keep
02:46 Blacksmith
03:13 Arcane Vault
05:01 Castle
05:45 Farm
06:07 Farm
07:19 Farm
07:38 Gryphon Aviary
07:41 Gryphon Aviary
09:17 Farm
09:22 Farm
09:33 Farm
10:15 Farm
12:01 Scout Tower
12:51 Guard Tower
» items
| Scroll of Town Portal | 2 | |
| Potion of Healing | 1 | |
3 total

»
xs4sx (
pink | 74 APM | 1573 actions | 21:23)
7 Blood Mage
3 Flame Strike
3 Siphon Mana
1 Summon Phoenix
» actions
| Assign group hotkey | 18 | |
| Build / train | 66 | |
| Enter build submenu | 32 | |
| Enter hero's abilities submenu | 7 | |
| Give item / drop item | 4 | |
| Remove unit from queue | 1 | |
| Right click | 752 | |
| Select / deselect | 274 | |
| Select group hotkey | 377 | |
| Use ability | 42 | |
1573 total
» units
| Peasant | 15 | |
| Rifleman | 11 | |
| Flying Machine | 7 | |
33 total
» upgrades
| Gunpowder | 3 | |
| Armor | 1 | |
| Long Rifles | 1 | |
| Lumber Harvesting | 1 | |
| Flare | 1 | |
| Fragmentation Shards | 1 | |
| Flying Machine Bombs | 1 | |
| Flak Cannons | 1 | |
| Plating | 1 | |
11 total
» buildings
| Altar of Kings | 2 | |
| Farm | 9 | |
| Barracks | 2 | |
| Blacksmith | 1 | |
| Arcane Vault | 1 | |
| Lumber Mill | 1 | |
| Keep | 1 | |
| Scout Tower | 4 | |
| Arcane Tower | 3 | |
| Workshop | 3 | |
| Town Hall | 3 | |
| Castle | 1 | |
| Cannon Tower | 1 | |
32 total
» build order
00:49 Altar of Kings
00:52 Altar of Kings
00:54 Farm
01:17 Barracks
01:21 Blacksmith
02:37 Farm
02:47 Arcane Vault
02:52 Farm
02:59 Lumber Mill
04:05 Farm
04:17 Barracks
04:29 Farm
04:59 Farm
05:41 Keep
05:45 Scout Tower
06:58 Arcane Tower
07:02 Scout Tower
08:01 Arcane Tower
08:12 Farm
08:20 Farm
08:29 Workshop
09:37 Workshop
10:14 Town Hall
10:24 Castle
10:52 Farm
12:12 Scout Tower
12:28 Town Hall
13:06 Arcane Tower
13:10 Scout Tower
13:49 Cannon Tower
15:46 Workshop
16:01 Town Hall
» items

»
BenKanobii (
green | 27 APM | 446 actions | 16:20)
2 Death Knight
1 Death Coil
1 Unholy Aura
1 Lich
1 Frost Nova
» actions
| Assign group hotkey | 11 | |
| Basic commands | 96 | |
| Build / train | 26 | |
| Enter build submenu | 20 | |
| Enter hero's abilities submenu | 3 | |
| Right click | 23 | |
| Select / deselect | 185 | |
| Select group hotkey | 28 | |
| Use ability | 54 | |
446 total
» units
| Acolyte | 2 | |
| Ghoul | 3 | |
| Crypt Fiend | 3 | |
| Obsidian Statue | 5 | |
13 total
» upgrades
| Destroyer Form | 1 | |
| Creature Attack | 2 | |
| Creature Carapace | 1 | |
4 total
» buildings
| Necropolis | 1 | |
| Graveyard | 1 | |
| Crypt | 1 | |
| Ziggurat | 7 | |
| Altar of Darkness | 1 | |
| Tomb of Relics | 1 | |
| Halls of the Dead | 1 | |
| Slaughterhouse | 3 | |
| Black Citadel | 1 | |
17 total
» build order
00:40 Necropolis
01:01 Graveyard
03:19 Crypt
03:34 Ziggurat
04:01 Altar of Darkness
04:22 Ziggurat
05:12 Tomb of Relics
05:25 Ziggurat
06:09 Ziggurat
06:25 Halls of the Dead
08:08 Ziggurat
08:49 Slaughterhouse
08:52 Slaughterhouse
09:11 Slaughterhouse
09:41 Black Citadel
10:53 Ziggurat
14:41 Ziggurat
» items
| Rod of Necromancy | 1 | |
| Potion of Healing | 1 | |
2 total
Chat log
(02:42 / Allies) SoulsCollector: two teckers up front hope they dont rush
(02:56 / Allies) Hekate: tech on outside is how you know your allies are amazing
(03:22 / Allies) Hekate: and when your retard allies leech
(12:51 / All) BenKanobii: yellow
(13:00 / All) xs4sx: Gtfo faggot
(13:12 / All) Hekate: Did you come up with that one yourself?
(16:20 / All) Hekate: Your team is shit
(16:20 / All) xs4sx: .. Yeah
(16:22 / All) Hekate: Gl you'll need it
(16:26 / All) Hekate: You're part of it pink
(16:33 / All) xs4sx: K
(16:38 / All) led4urhead: no shit green is on it
(16:44 / All) Hekate: You are 89-99 that is awful
(16:55 / All) Hekate: Did you even cancel your expo earlier?
(16:59 / All) xs4sx: K
(17:13 / All) xs4sx: As a matter of fact yes I did
(17:14 / All) led4urhead: blue u dont have shit
(17:47 / All) Hekate: out
(17:49 / All) Hekate: bye
(18:43 / All) Hekate: cancel it again
(19:27 / All) Hekate: not even over 50 food lol
(19:53 / All) Hekate: tp or you gonna lose your hall bud!
(20:08 / All) Hekate: or not I guess
(20:31 / All) led4urhead: killing off to leave
(20:41 / All) Hekate: Get the fuck out faggot
(20:44 / All) Hekate: Or GTFO faggot as you said
(20:58 / All) Hekate: This is why you don't shit talk the Master of the Twilight Zone, Rod Serling